 Dungeon Crawl Stone Soup version 0.16-a0-3187-geb38783 (webtiles) character file.

75 PolkaDot the Caller (level 4, 0/35 HPs)
             Began as a Vampire Summoner on Dec 17, 2014.
             Slain by a gnoll
             ... wielding a +0 flail
              (10 damage)
             ... on level 3 of the Dungeon.
             The game lasted 00:04:44 (2886 turns).

PolkaDot the Caller (Vampire Summoner)              Turns: 2886, Time: 00:04:44

Health: 0/35       AC:  2    Str:  7    XL:     4   Next: 11%
Magic:  1/7        EV: 12    Int: 18    God:
Gold:   96         SH:  0    Dex: 14    Spells: 3 memorised, 1 level left

rFire  . . .     SeeInvis +     d - +0 short sword
rCold  . . .     Clarity  .     a - +0 robe
rNeg   + . .     SustAb   .     (no shield)
rPois  .         Gourm    .     (no helmet)
rElec  .         Spirit   .     (no cloak)
rCorr  .         Warding  .     (no gloves)
rMut   .         Stasis   .     (no boots)
MR     .....                    (no amulet)
Stlth  ++........               (no ring)
                                (no ring)

@: not resistant to hostile enchantments, unstealthy
A: bottle blood, fangs 3, see invisible, unbreathing
a: Bat Form


You were on level 3 of the Dungeon.
You were not thirsty.

You visited 1 branch of the dungeon, and saw 3 of its levels.

You collected 96 gold pieces.

Inventory:

Hand weapons
 d - a +0 short sword (weapon)
Armour
 a - a +0 robe (worn)
Jewellery
 f - a cursed amulet of inaccuracy {unknown}
 h - an uncursed ring of positive energy {unknown}
Scrolls
 c - a scroll of amnesia {unknown}
 e - 2 scrolls of identify {unknown}
 g - 4 scrolls of magic mapping {unknown}
 i - 3 scrolls of random uselessness {unknown}
Potions
 j - a potion of curing {unknown}
Books
 b - a book of Callings

   Spells                             Type                      Level
   a - Summon Small Mammal            Summoning                    1
   b - Call Imp                       Summoning                    2
   c - Call Canine Familiar           Summoning                    3
   d - Summon Guardian Golem          Hexes/Summoning              4
   e - Summon Lightning Spire         Summoning/Air                4
   f - Summon Ice Beast               Ice/Summoning                4


   Skills:
 + Level 3.4 Fighting
 - Level 2.1 Dodging
 - Level 3.0 Stealth
 - Level 2.0 Spellcasting
 - Level 4.0 Summonings


You had one spell level left.
You knew the following spells:

 Your Spells              Type           Power        Failure   Level  Hunger
d - Call Canine Familiar  Summ           ###.....     12%         3    ###....
s - Call Imp              Summ           ###.....     6%          2    ###....
z - Summon Small Mammal   Summ           ###.         3%          1    #......


Dungeon Overview and Level Annotations

Branches:
Dungeon (3/15)

Altars:
Elyvilon


Innate Abilities, Weirdness & Mutations

You can bottle blood from corpses.
You have razor-sharp teeth.
You have supernaturally acute eyesight.
You can survive without breathing.


Message History

You barely miss the gnoll.
The gnoll is moderately wounded.
Your hound bites the gnoll.
The gnoll closely misses your hound. The gnoll barely misses you.
Your crimson imp hits the gnoll.
Your hound bites the gnoll but does no damage.
The gnoll hits you with a flail.
* * * LOW HITPOINT WARNING * * *
You hit the gnoll but do no damage.
The gnoll is moderately wounded.
The gnoll closely misses your hound.
The gnoll hits you from afar with a spear.
* * * LOW HITPOINT WARNING * * *
Your hound closely misses the gnoll.
Your crimson imp hits the gnoll.
Your crimson imp hits the gnoll.
Your hound barely misses the gnoll.
The gnoll barely misses your hound. The gnoll misses your crimson imp.
Your crimson imp hits the gnoll.
The gnoll dies!
Your crimson imp hits the gnoll.
Your hound bites the gnoll.
The gnoll hits you with a flail!
You die...

#### ...# #g5.##
###.)5..###
#.##.gh...(..#
#...<@.......#
#....##.........#
#.## ###.....#>
#...## ...# ####


You could see 2 gnolls, a friendly hound and 2 friendly crimson imps.

Vanquished Creatures
  3 adders (D:2)
  An ooze (D:1)
  4 giant cockroaches
  3 hobgoblins (D:2)
  3 jackals (D:1)
  A bat (D:1)
  4 giant newts
  5 goblins
  4 kobolds
  2 rats (D:1)
30 creatures vanquished.

Vanquished Creatures (collateral kills)
  2 gnolls (D:3)
  2 worms (D:2)
  A goblin (D:1)
  2 kobolds
  A rat (D:2)
8 creatures vanquished.

Vanquished Creatures (others)
  A white imp (D:3)
  A giant cockroach (D:2)
  A rat (D:3)
3 creatures vanquished.

Grand Total: 41 creatures vanquished

Notes
Turn   | Place    | Note
--------------------------------------------------------------
     0 | D:1      | PolkaDot, the Vampire Summoner, began the quest for the Orb.
     0 | D:1      | Reached XP level 1. HP: 13/13 MP: 3/3
   634 | D:1      | Reached skill level 1 in Fighting
   846 | D:1      | Reached XP level 2. HP: 21/21 MP: 4/4
  1258 | D:2      | Learned a level 2 spell: Call Imp
  1441 | D:2      | Reached XP level 3. HP: 25/28 MP: 0/6
  1502 | D:2      | Learned a level 3 spell: Call Canine Familiar
  1867 | D:2      | HP: 1/29 [poisoned by an adder]
  2491 | D:2      | Found a white marble altar of Elyvilon.
  2798 | D:3      | Reached XP level 4. HP: 35/35 MP: 0/7
  2886 | D:3      | Slain by a gnoll

Action                   |  1- 3 |  4- 6 || total
-------------------------+-------+-------++-------
Melee: Short sword       |    90 |     5 ||    95
       Unarmed           |     8 |       ||     8
 Cast: Summon Small Mamm |     8 |       ||     8
       Call Imp          |    12 |     2 ||    14
       Call Canine Famil |     1 |     1 ||     2
  Use: Potion            |     2 |       ||     2
 Stab: Sleeping          |     6 |       ||     6
       Distracted        |     1 |       ||     1
  Eat: Corpse            |     6 |       ||     6
